 Dungeon Crawl Stone Soup version 0.30-a0-368-g86fb4627a9 (webtiles) character file.

Game seed: 15095000422714371420

870 oldriver the Magician (level 7, 0/58 HPs)
             Began as a Mummy Necromancer on Nov 18, 2022.
             Slain by a lemure (6 damage)
             ... led by Pikel
             ... on level 4 of the Dungeon on Nov 19, 2022.
             The game lasted 00:08:46 (5409 turns).

oldriver the Magician (Mummy Necromancer)           Turns: 5409, Time: 00:08:47

Health: 0/58       AC: 10    Str: 11    XL:     7   Next: 73%
Magic:  18/18      EV: 12    Int: 17    God:
Gold:   206        SH:  5    Dex: 12    Spells: 13/21 levels left

rFire   . . .      SeeInvis .    i - +1 dagger (protect)
rCold   + . .      Faith    +    (no shield)
rNeg    + + +      Spirit   .    a - +0 robe
rPois   ∞          Reflect  +    m - +1 hat
rElec   .          Harm     .    (no cloak)
rCorr   .          Rampage  .    (no gloves)
Will    +....                    (no boots)
Stlth   ++........               h - amulet of reflection
HPRegen 0.29/turn                g - ring of protection from fire
MPRegen 0.16/turn                l - ring of willpower

@: under a protective aura
A: cold resistance 1, negative energy resistance 3, torment resistance 2, heat
vulnerability 1, in touch with death 1, no potions, faith
a: no special abilities


You were on level 4 of the Dungeon.
You visited 1 branch of the dungeon, and saw 5 of its levels.
You also visited: Sewer.

You collected 206 gold pieces.

Inventory:

Hand Weapons
 i - a +1 dagger of protection (weapon)
Missiles
 j - a throwing net
Armour
 a - a +0 robe (worn)
 m - a +1 hat (worn)
Jewellery
 c - a ring of flight
 d - a +6 ring of dexterity
 g - a ring of protection from fire (left hand)
 h - an amulet of reflection (around neck)
 l - a ring of willpower (right hand)
Scrolls
 b - 2 scrolls of torment
 f - 3 scrolls of teleportation
 k - a scroll of vulnerability
 n - 2 scrolls of immolation
Miscellaneous
 o - a piece from Xom's chessboard (15/15)


   Skills:
 + Level 6.0 Fighting
 - Level 1.5 Dodging
 - Level 1.5 Stealth
 + Level 7.9 Spellcasting
 - Level 4.0 Necromancy


You had 13 spell levels left.
You knew the following spells:

 Your Spells              Type           Power      Damage    Failure   Level
a - Necrotise             Necr           100%       1d9       1%          1
b - Vampiric Draining     Necr           30%        2d8       6%          3
c - Animate Dead          Necr           30%        N/A       21%         4

Your spell library contained the following spells:

 Spells                   Type           Power      Damage    Failure   Level
 Agony                    Necr           30%        N/A       50%         5


Dungeon Overview and Level Annotations

Branches:
Dungeon (5/15)              Sewer (visited)
 Temple: D:4-7

Altars:
Fedhas
Wu Jian

Annotations:
D:2 1 runed translucent door, Crazy Yiuf
D:5 Eustachio


Innate Abilities, Weirdness & Mutations

You are immune to poison.
Your flesh is cold resistant. (rC+)
You are immune to negative energy. (rN+++)
You are immune to unholy pain and torment.
You are vulnerable to heat. (rF-)
You are in touch with the powers of death.
You do not drink.
You have a special connection with the divine. (Faith)


Message History

You hit the lemure.
Your weapon exudes an aura of protection.
The lemure is heavily wounded.
The lemure barely misses you.
You hit the lemure.
The lemure is heavily wounded.
The lemure hits you but does no damage.
You hit the lemure.
The lemure is heavily wounded.
The lemure hits you.
* * * LOW HITPOINT WARNING * * *
You hit the lemure.
The lemure is severely wounded.
The lemure misses you.
You hit the lemure.
The lemure is severely wounded.
The lemure barely misses you.
You closely miss the lemure.
The lemure is severely wounded.
The lemure hits you but does no damage.
You hit the lemure but do no damage.
The lemure is severely wounded.
You block the lemure's attack.
You closely miss the lemure.
The lemure is severely wounded.
The lemure hits you.
* * * LOW HITPOINT WARNING * * *
You barely miss the lemure.
The lemure is severely wounded.
The lemure hits you but does no damage.
You hit the lemure but do no damage.
The lemure is severely wounded.
You block the lemure's attack.
You closely miss the lemure.
The lemure is severely wounded.
The lemure closely misses you.
You hit the lemure.
The lemure is severely wounded.
The lemure hits you.
You die...

#.##. ######.##. #######....#.##.
#.......##.#.### #.####.......###
#.####...#...... #####
########....#...#######
....#######.....##....#.....#####
................@5.......<.......
.........##......#......#...###..
###......#####...#........#.###..
#......# #...#........#...#..
#......# #...##......####.#..
#...[..# #...##..............
#......# #...##....#.###....#
###......# #...##....#.# #....#
..#......# ######....#.###....#


You could see a lemure.

Vanquished Creatures
  A water moccasin (D:4)
  A bullfrog (Sewer)
  3 scorpions
  2 orc priests
  A hound (D:4)
  A jelly (D:4)
  3 iguanas
  Robin (D:2)
  12 adders
  A shadow imp (D:4)
  5 worms
  A dart slug (D:2)
  12 orcs
  8 endoplasms
  9 giant cockroaches
  14 goblins
  6 hobgoblins
  6 jackals
  3 kobolds
  9 quokkas
  7 ball pythons
  4 bats
  8 frilled lizards
  8 rats
126 creatures vanquished.

Vanquished Creatures (collateral kills)
  A bullfrog (Sewer)
  An endoplasm (D:4)
  A hobgoblin (D:2)
  A bat (D:3)
4 creatures vanquished.

Grand Total: 130 creatures vanquished

Notes
Turn   | Place    | Note
-------+----------+-------------------------------------------
     0 | D:1      | oldriver the Mummy Necromancer began the quest for the Orb.
     0 | D:1      | Reached XP level 1. HP: 13/13 MP: 4/4
   874 | D:2      | Noticed Robin
   886 | D:2      | Reached skill level 3 in Spellcasting
   896 | D:1      | Reached skill level 1 in Fighting
   939 | D:2      | Reached XP level 2. HP: 19/21 MP: 4/6
  1091 | D:2      | Killed Robin
  1092 | D:2      | Gained mutation: You are in touch with the powers of death.
                  | [Mummy growth]
  1092 | D:2      | Reached XP level 3. HP: 20/27 MP: 1/8
  1323 | D:2      | Found a runed translucent door.
  1324 | D:2      | Noticed Crazy Yiuf
  1476 | D:2      | Reached skill level 4 in Spellcasting
  1570 | D:2      | Reached XP level 4. HP: 34/34 MP: 5/10
  2072 | D:3      | Found an ornate altar of the Wu Jian Council.
  2381 | D:3      | Found a blossoming altar of Fedhas.
  2446 | D:3      | Reached XP level 5. HP: 41/41 MP: 9/12
  2458 | D:3      | Found a glowing drain.
  2467 | Sewer    | Entered a sewer
  2642 | Sewer    | Reached skill level 5 in Spellcasting
  2679 | Sewer    | Learned a level 3 spell: Vampiric Draining
  2684 | Sewer    | Learned a level 4 spell: Animate Dead
  3125 | Sewer    | Reached skill level 6 in Spellcasting
  3125 | Sewer    | Reached XP level 6. HP: 48/48 MP: 2/15
  4253 | D:4      | Reached skill level 5 in Fighting
  4266 | D:4      | Reached XP level 7. HP: 47/56 MP: 6/17
  4277 | D:4      | Reached skill level 7 in Spellcasting
  4677 | D:5      | Entered Level 5 of the Dungeon
  5134 | D:5      | Noticed Eustachio
  5409 | D:4      | Slain by a lemure

Illustrated notes

Levels and vault maps discovered:
D:1:      dpeg_arrival_three_bigger_balls, layout_loops_ring, serial_bayou,
          serial_bayou_pond_e, serial_bayou_crossing, serial_bayou_ford_a,
          serial_bayou_lagoon_a, serial_bayou_pond_d
D:2:      layout_loops_ring, uniq_crazy_yiuf_cottage, uniq_robin
D:3:      layout_rooms, fedhas_ov_isle_minmay,
          mainiacjoe_overflow_concentric_impassable,
          cheibrodos_sewer_entry_drain
D:4:      layout_basic, minmay_misc_feat_four_crosses
D:5:      layout_cave_pools, serial_shops, nicolae_square_shop,
          nicolae_shop_hallway_plus,
          nicolae_shop_temple_entry_statues_fountains,
          nicolae_fountain_basement, uniq_eustachio, uniq_pikel

Skill      XL: |  1  2  3  4  5  6  7 |
---------------+----------------------+-----
Spellcasting   | 3 4 6 7 |  7.9
Fighting       | 1 2 3 4 5 6 |  6.0
Dodging        | |  1.5
Stealth        | |  1.5
Necromancy     | |  4.0

Action                   |  1- 3 |  4- 6 |  7- 9 || total
-------------------------+-------+-------+-------++-------
Melee: Unarmed           |    10 |       |       ||    10
       Dagger            |     9 |    26 |    43 ||    78
 Cast: Necrotise         |    62 |   165 |    45 ||   272
       Vampiric Draining |       |     4 |     6 ||    10
  Use: Scroll            |       |    10 |     1 ||    11
Armor: Robe              |     5 |    21 |    15 ||    41
Dodge: Dodged            |    29 |    57 |    42 ||   128
Block: Other             |       |     3 |    13 ||    16

Table legend: (Time is in decaauts)
 A = Elapsed time spent in this place.
 B = Non-inter-level travel time spent in this place.
 C = Inter-level travel time spent in this place.
 D = Time resting spent in this place.
 E = Time spent auto-exploring this place.
 F = Levels seen in this place.
 G = Mean time per level.
                   A        B        C        D        E       F      G
               +--------+--------+--------+--------+--------+-----+--------+
         Total |   5439 |   5298 |    141 |    648 |   3516 |   6 |  906.5 |
       Dungeon |   4664 |   4523 |    141 |    512 |   3067 |   5 |  932.8 |
         Sewer |    774 |    774 |      0 |    136 |    449 |   1 |  774.0 |
               +--------+--------+--------+--------+--------+-----+--------+

Top non-repeatable levels by time:
     D:4: 1370 daAuts
     D:1: 1056 daAuts
     D:2: 1038 daAuts
     D:3: 816 daAuts
   Sewer: 774 daAuts
     D:5: 383 daAuts
